 Dungeon Crawl Stone Soup version 0.19-a0-1320-g0178847 (webtiles) character file.

429 Kidiri the Magician (level 6, 0/33 HPs)
             Began as a Deep Elf Fire Elementalist on Aug 31, 2016.
             Slain by an ice beast (13 damage)
             ... on level 5 of the Dungeon.
             The game lasted 00:12:15 (4589 turns).

Kidiri the Magician (Deep Elf Fire Elementalist)    Turns: 4589, Time: 00:12:15

Health: 0/33       AC:  3    Str:  5    XL:     6   Next: 66%
Magic:  1/17       EV: 13    Int: 22    God:
Gold:   119        SH:  0    Dex: 15    Spells: 6 memorised, 0 levels left

rFire  . . .     SeeInvis .     n - +1 dagger
rCold  . . .     Gourm    .     a - +0 robe
rNeg   . . .     Faith    .     (no shield)
rPois  .         Spirit   .     (no helmet)
rElec  .         Dismiss  .     (no cloak)
rCorr  +         Reflect  .     h - +0 pair of gloves
MR     .....     Harm     .     (no boots)
Stlth  ++........               (no amulet)
                                i - ring of flight
                                p - ring of resist corrosion

@: no status effects
A: no striking features
a: Evoke Flight


You were on level 5 of the Dungeon.
You were full.

You visited 1 branch of the dungeon, and saw 5 of its levels.
You also visited: Ossuary.

You collected 119 gold pieces.

Inventory:

Hand Weapons
 n - a +1 dagger (weapon)
Armour
 a - a +0 robe (worn)
 h - a +0 pair of gloves (worn)
Jewellery
 i - a ring of flight (right hand)
 p - a ring of resist corrosion (left hand)
Scrolls
 k - a scroll of recharging
 q - a scroll of teleportation
 s - a scroll of noise {unknown}
 t - a scroll of amnesia
 u - a scroll of random uselessness {unknown}
 y - a scroll of remove curse {unknown}
Potions
 d - 4 potions of curing
 e - a potion of magic
 f - a potion of invisibility {unknown}
 j - a potion of cure mutation {unknown}
 m - 4 potions of might
 r - 2 potions of resistance
 v - 2 potions of flight {unknown}
 w - a potion of brilliance {unknown}
 x - a potion of heal wounds {unknown}
 z - 2 potions of agility {unknown}
Books
 b - a book of Flames

   Spells                             Type                      Level
   a - Flame Tongue                   Conjuration/Fire             1
   b - Throw Flame                    Conjuration/Fire             2
   c - Conjure Flame                  Conjuration/Fire             3
   d - Inner Flame                    Hexes/Fire                   3
   e - Sticky Flame                   Conjuration/Fire             4
   f - Fireball                       Conjuration/Fire             5
 g - a book of Changes

   Spells                             Type                      Level
   a - Beastly Appendage              Transmutation                1
   b - Sticks to Snakes               Transmutation                2
   c - Spider Form                    Transmutation/Poison         3
   d - Ice Form                       Ice/Transmutation            4
   e - Blade Hands                    Transmutation                5
Comestibles
 c - a bread ration
 l - 6 chunks of flesh
 o - 3 meat rations


   Skills:
 + Level 0.4 Fighting
 + Level 0.0 Short Blades
 + Level 0.4 Armour
 + Level 2.6 Dodging
 - Level 2.4 Stealth
 * Level 6.6 Spellcasting
 + Level 3.6 Conjurations
 + Level 5.0 Fire Magic
 + Level 0.9 Evocations


You couldn't memorise any spells.
You knew the following spells:

 Your Spells              Type           Power        Failure   Level  Hunger
a - Flame Tongue          Conj/Fire      ####.        1%          1    None
b - Throw Flame           Conj/Fire      ####..       1%          2    None
c - Conjure Flame         Conj/Fire      ####....     4%          3    #......
d - Inner Flame           Hex/Fire       ###.....     12%         3    #......
e - Sticky Flame          Conj/Fire      ####....     14%         4    ###....
f - Fireball              Conj/Fire      ####......   38%         5    #####..


Dungeon Overview and Level Annotations

Branches:
Dungeon (5/15)
 Temple: D:4-7

Altars:
Ashenzari
Zin


Message History

Aiming: Flame Tongue
Press: ? - help, Shift-Dir - straight line, f/p - ice beast
Aim: an ice beast (moderately wounded)
The flame tongue hits the ice beast.
The ice beast melts!
The ice beast is heavily wounded.
The ice beast hits you. The ice beast freezes you!
The ice beast barely misses you.
You see here a club.
Casting: Flame Tongue
Confirm with . or Enter, or press ? or * to list all spells.
Aiming: Flame Tongue
Press: ? - help, Shift-Dir - straight line, f/p - ice beast
Aim: an ice beast (moderately wounded)
The flame tongue misses the ice beast.
The ice beast closely misses you.
There is a stone staircase leading up here.
The ice beast hits you. The ice beast freezes you!
* * * LOW HITPOINT WARNING * * *
Found 2 chunks of flesh.
You feel better. The ice beast hits you. The ice beast freezes you!
You die...

#......
#...%#
#.#..#...
#.)....⌠.
#.#.##...
#.#.#
#.#%#
#)#.#
#.#@#
#.#Y#)#
#<.)..#
###.).....
.........
.........
...%####..
....# .
.....#


You could see an ice beast.

Vanquished Creatures
  A wraith (Ossuary)
  A jelly (D:5)
  An orc wizard (D:5)
  2 worker ants
  A mummy (Ossuary)
  6 adders
  A river rat (D:4)
  3 worms
  3 dart slugs
  A giant gecko (D:3)
  5 orcs
  3 ball pythons
  5 giant cockroaches
  3 goblins
  8 hobgoblins
  8 jackals
  2 quokkas
  5 bats
  8 gnoll skeletons (Ossuary)
  A hobgoblin zombie (D:4)
  7 kobolds
  12 kobold skeletons (Ossuary)
  A kobold zombie (D:4)
  5 orc skeletons (Ossuary)
  8 rats
101 creatures vanquished.

Notes
Turn   | Place    | Note
-------+----------+-------------------------------------------
     0 | D:1      | Kidiri the Deep Elf Fire Elementalist began the quest for the Orb.
     0 | D:1      | Reached XP level 1. HP: 10/10 MP: 6/6
   347 | D:1      | Reached XP level 2. HP: 15/15 MP: 5/8
   351 | D:1      | Learned a level 2 spell: Throw Flame
   948 | D:1      | Reached skill level 4 in Spellcasting
   997 | D:2      | Reached XP level 3. HP: 19/19 MP: 10/10
  1002 | D:2      | Learned a level 3 spell: Conjure Flame
  1006 | D:2      | Learned a level 3 spell: Inner Flame
  1990 | D:3      | Reached XP level 4. HP: 24/24 MP: 8/12
  2094 | D:3      | Found a glowing silver altar of Zin.
  2414 | D:3      | Reached skill level 5 in Spellcasting
  2894 | D:4      | Found a shattered altar of Ashenzari.
  2958 | D:4      | Reached XP level 5. HP: 22/28 MP: 7/14
  2980 | D:4      | Found a glowing drain.
  3205 | D:4      | Found a sand-covered staircase.
  3215 | Ossuary  | Entered an ossuary
  3215 | Ossuary  | Noticed a wraith
  3215 | Ossuary  | Noticed a wraith
  3215 | Ossuary  | Noticed a wraith
  3289 | Ossuary  | Learned a level 4 spell: Sticky Flame
  3849 | Ossuary  | Noticed a wraith
  3864 | Ossuary  | Killed a wraith
  3864 | Ossuary  | Reached skill level 6 in Spellcasting
  3864 | Ossuary  | Reached XP level 6. HP: 32/32 MP: 3/17
  3871 | Ossuary  | Learned a level 5 spell: Fireball
  4554 | D:5      | Entered Level 5 of the Dungeon
  4560 | D:5      | Reached skill level 5 in Fire Magic
  4576 | D:5      | Noticed an ice beast
  4589 | D:5      | Slain by an ice beast

Vault maps used:
D:1:      scummos_arrival_hexagon
D:2:      fountainhead
D:3:      nicolae_overflow_crystal_walls, nicolae_underground_beach
D:4:      ashenzari_altar_1, enter_ossuary_3, portal_sewer_entry_b
D:5:      old_forge, elyvilon_altar_1, lightli_temple_of_fire, first_bread
Ossuary:  ossuary_due_mausoleum

Skill      XL: |  1  2  3  4  5  6 |
---------------+-------------------+-----
Spellcasting   | 4 5 6 |  6.6
Fire Magic     | 4 5 |  5.0
Conjurations   | 2 3 |  3.6
Fighting       | |  0.4
Armour         | |  0.4
Dodging        | |  2.6
Stealth        | |  2.4
Evocations     | |  0.9

Action                   |  1- 3 |  4- 6 || total
-------------------------+-------+-------++-------
Melee: Dagger            |     6 |    10 ||    16
       Short sword       |     1 |       ||     1
 Cast: Flame Tongue      |    63 |    97 ||   160
       Throw Flame       |    10 |     7 ||    17
       Conjure Flame     |       |     6 ||     6
       Inner Flame       |       |     4 ||     4
  Use: Scroll            |       |    10 ||    10
       Potion            |       |     1 ||     1
 Stab: Sleeping          |     3 |     1 ||     4
  Eat: Chunk             |     3 |     4 ||     7
       Beef jerky        |       |     1 ||     1
       Fruit             |       |     3 ||     3
       Bread ration      |       |     1 ||     1
Armor: Robe              |     8 |     4 ||    12
Dodge: Dodged            |    35 |    29 ||    64
